 Dungeon Crawl Stone Soup version 0.19.0 (webtiles) character file.

9314 Danakh the Cleaver (level 11, 0/78 HPs)
             Began as a Demonspawn Fighter on Nov 9, 2016.
             Was a High Priest of Hepliaklqana.
             Killed from afar by an ice dragon (29 damage)
             ... with a blast of cold
             ... in an ice cave.
             The game lasted 00:34:51 (9958 turns).

Danakh the Cleaver (Demonspawn Fighter)             Turns: 9958, Time: 00:34:52

Health: 0/78       AC: 21    Str: 18    XL:     11   Next: 21%
Magic:  21/21      EV:  4    Int: 10    God:    Hepliaklqana [*****.]
Gold:   681        SH: 10    Dex: 12    Spells: 0 memorised, 10 levels left

rFire  . . .     SeeInvis +     a - +1 war axe
rCold  . . .     Gourm    .     F - +1 plate armour
rNeg   . . .     Faith    .     c - +0 shield
rPois  .         Spirit   .     (helmet restricted)
rElec  .         Reflect  .     m - +0 cloak
rCorr  .         Harm     .     k - +0 pair of gloves
MR     .....                    C - +0 pair of boots
Stlth  ..........               Q - amulet of rage (curse)
                                K - ring of see invisible
                                z - ring of magical power

@: no status effects
A: reduced essence, antennae 1, thin metallic scales 2, demonic guardian 2, high
mp 1, weak 1, rot immunity
a: Recall Ancestor, Ancestor Identity, Transference, Idealise, Renounce
Religion, Evoke Berserk Rage


You were in an ice cave.
You worshipped Hepliaklqana.
Hepliaklqana was extremely pleased with you.
You were hungry.

You visited 1 branch of the dungeon, and saw 11 of its levels.
You also visited: Ossuary and Ice Cave.

You collected 681 gold pieces.

Inventory:

Hand Weapons
 a - a +1 war axe (weapon)
Armour
 b - a +0 scale mail
 c - a +0 shield (worn)
 k - a +0 pair of gloves (worn)
 m - a +0 cloak (worn)
 x - a -1 pair of gloves
 y - a -2 scale mail
 C - a +0 pair of boots (worn)
 F - a +1 plate armour (worn)
Jewellery
 z - a ring of magical power (left hand)
 K - a ring of see invisible (right hand)
 Q - a cursed amulet of rage (around neck)
Wands
 u - a wand of iceblast (11/15)
 w - a wand of digging (21/24)
 I - a wand of slowing (19/48)
 R - a wand of disintegration (16/24)
 S - a wand of enslavement (4/24)
 T - a wand of digging (10/24)
Scrolls
 e - 8 scrolls of remove curse
 h - 2 scrolls of enchant armour
 n - a scroll of fog
 r - a scroll of enchant weapon
 D - 2 scrolls of recharging
 G - 2 scrolls of teleportation
 H - a scroll of fear
 P - 2 scrolls of magic mapping
Potions
 d - 4 potions of might
 g - 3 potions of haste
 i - a potion of resistance
 j - a potion of beneficial mutation
 l - a potion of berserk rage
 p - 5 potions of lignification {unknown}
 s - 3 potions of mutation {unknown}
 t - 4 potions of flight {unknown}
 v - a potion of cure mutation
 A - 2 potions of heal wounds
 E - a potion of ambrosia
 J - a potion of brilliance
 L - a potion of curing
 M - 2 potions of agility
 O - a potion of magic {unknown}
Books
 o - a book of Minor Magic

   Spells                             Type                      Level
   a - Magic Dart                     Conjuration                  1
   b - Blink                          Translocation                2
   c - Call Imp                       Summoning                    2
   d - Repel Missiles                 Charms/Air                   2
   e - Slow                           Hexes                        2
   f - Conjure Flame                  Conjuration/Fire             3
   g - Mephitic Cloud                 Conjuration/Poison/Air       3
Comestibles
 f - 9 bread rations
 B - 6 meat rations
 N - 2 beef jerkies


   Skills:
 + Level 8.7 Fighting
 * Level 10.2 Axes
 + Level 7.9 Armour
 + Level 7.7 Shields


You had 10 spell levels left.
You didn't know any spells.

Dungeon Overview and Level Annotations

Branches:
Dungeon (11/15)            Temple (0/1) D:7            Lair (0/6) D:10
    Orc (0/2) D:9

Altars:
Dithmenos
Elyvilon
Fedhas
Hepliaklqana
Makhleb
Okawaru
Qazlal
Ru
Yredelemnul
Zin

Shops:
D:6 ?(=}   D:7 *   D:10 ?[%!


Innate Abilities, Weirdness & Mutations

You have a pair of small antennae on your head.
You are mostly covered in thin metallic scales. (AC +3)
A demonic guardian rushes to your aid.
You are immune to rotting.
Your life essence is reduced. (-10% HP)
You have an increased reservoir of magic. (+10% MP)
You are weak. (Str -2)


Message History

Your soul eater disappears in a puff of smoke!
Sunngifu hits the ice dragon with a quarterstaff!
The ice dragon completely misses Sunngifu.
The ice dragon claws Sunngifu!
The ice dragon tramples Sunngifu.
Sunngifu is shoved backwards!
Sunngifu is destroyed!
Unknown command.
You slash the ice dragon!
The ice dragon is heavily wounded.
You hit the ice dragon but do no damage.
The ice dragon bites you but does no damage.
The ice dragon claws you but does no damage.
The ice dragon completely misses you. You block the ice dragon's attack.
The ice dragon barely misses you. The ice dragon tramples you.
You stumble backwards!
You hit the ice dragon.
The ice dragon is lightly wounded.
The ice dragon breathes frost at you. The blast of cold hits you!
You die...

..######
#......##
####....##
####..## ###
##..###.##
##R#..R.#
#...##.#
#####..### .
#...##@## ...
##....DD#.....
####......#
########


You could see 2 ice dragons.

Vanquished Creatures
  A hill giant (D:10)
  The ghost of samnon the Blocker, a novice MiFi of Okawaru (D:6)
  A deep elf mage (D:11)
  2 ice statues (IceCv)
  A rime drake (IceCv)
  A hippogriff (D:7)
  A spriggan (D:7)
  A wyvern (D:8)
  Edmund (D:5)
  9 ice beasts
  2 black bears
  A centaur (D:5)
  2 ogres
  4 bullfrogs
  8 wights
  2 howler monkeys (D:5)
  2 crimson imps
  2 bullfrog zombies
  A centaur zombie (Ossuary)
  2 lava snakes (D:9)
  2 iron imps (D:8)
  2 orc priests
  A centaur skeleton (D:10)
  Crazy Yiuf (D:5)
  2 hounds
  2 orc wizards
  4 iguanas
  Ijyb (D:2)
  3 worker ants
  A killer bee zombie (Ossuary)
  11 mummies
  A howler monkey zombie (Ossuary)
  A worker ant zombie (Ossuary)
  8 adders
  3 gnolls (D:4)
  4 white imps (D:11)
  2 oozes
  An adder skeleton (D:5)
  An adder zombie (Ossuary)
  3 worms
  6 dart slugs
  5 leopard geckos
  14 orcs
  4 bats
  8 giant cockroaches
  6 goblins
  6 hobgoblins
  6 jackals
  7 kobolds
  4 quokkas
  A ball python skeleton (D:6)
  8 frilled lizards
  A giant cockroach zombie (D:5)
  3 jackal zombies
  A leopard gecko zombie (Ossuary)
  2 quokka zombies (Ossuary)
  3 rats
  A fungus (D:4)
185 creatures vanquished.

Vanquished Creatures (collateral kills)
  A centaur warrior (D:10)
  A rime drake (IceCv)
  A hippogriff (D:8)
  A hungry ghost (D:7)
  An orc warrior (D:8)
  10 ice beasts
  3 sky beasts
  A phantom (D:4)
  A centaur (D:8)
  2 bullfrogs
  A wyvern zombie (Ossuary)
  8 wights
  5 killer bees (D:9)
  2 bullfrog zombies
  A lava snake (D:9)
  A centaur zombie (Ossuary)
  3 hounds
  4 orc priests (D:9)
  An iron imp (D:8)
  5 orc wizards
  4 mummies (Ossuary)
  2 worker ants
  A hound zombie (Ossuary)
  An adder (D:6)
  A shadow imp (D:5)
  8 white imps (D:11)
  A worm (D:4)
  2 leopard geckos
  8 orcs
  A giant cockroach (D:5)
  2 quokkas
  A jackal zombie (Ossuary)
  4 fungi (D:4)
89 creatures vanquished.

Vanquished Creatures (others)
  3 battlemagi (IceCv)
  2 ancestors (D:3)
  A withered plant (Ossuary)
6 creatures vanquished.

Grand Total: 280 creatures vanquished

Notes
Turn   | Place    | Note
-------+----------+-------------------------------------------
     0 | D:1      | Danakh the Demonspawn Fighter began the quest for the Orb.
     0 | D:1      | Reached XP level 1. HP: 18/18 MP: 1/1
    22 | D:1      | Reached skill level 2 in Axes
    60 | D:1      | Gained mutation: You are partially covered in thin metallic scales. (AC +2) [demonic ancestry]
    60 | D:1      | Reached XP level 2. HP: 23/24 MP: 2/2
   336 | D:1      | Reached XP level 3. HP: 29/29 MP: 3/3
  1028 | D:2      | Noticed Ijyb
  1035 | D:2      | Killed Ijyb
  1035 | D:2      | Gained mutation: You have a pair of small antennae on your head. [demonic ancestry]
  1035 | D:2      | Reached XP level 4. HP: 25/35 MP: 4/4
  1444 | D:2      | Reached skill level 3 in Axes
  1799 | D:2      | Found a faded altar of an unknown god.
  1807 | D:2      | Became a worshipper of Hepliaklqana the Forgotten
  1807 | D:2      | Reached * piety under Hepliaklqana
  2152 | D:3      | Found a faded altar of an unknown god.
  2152 | D:3      | Found a glowing silver altar of Zin.
  2169 | D:3      | Reached XP level 5. HP: 36/36 MP: 5/5
  2174 | D:3      | Found a faded altar of an unknown god.
  2176 | D:3      | Found a faded altar of an unknown god.
  2178 | D:3      | Found a blossoming altar of Fedhas.
  2231 | D:3      | Noticed an ice beast
  2305 | D:3      | Killed an ice beast
  2620 | D:3      | Reached ** piety under Hepliaklqana
  2621 | D:3      | Remembered your ancestor Sunngifu as a battlemage
  2747 | D:4      | Reached XP level 6. HP: 36/43 MP: 6/6
  2830 | D:4      | Reached skill level 4 in Axes
  2908 | D:4      | Found a blossoming altar of Fedhas.
  2972 | D:4      | Found a hazy altar of Hepliaklqana.
  2991 | D:4      | Found a shadowy altar of Dithmenos.
  3356 | D:4      | Gained mutation: You are immune to rotting. [demonic ancestry]
  3356 | D:4      | Reached XP level 7. HP: 47/49 MP: 7/7
  3362 | D:5      | Entered Level 5 of the Dungeon
  3547 | D:5      | Reached skill level 5 in Fighting
  3651 | D:5      | Reached skill level 5 in Axes
  3872 | D:5      | Gained mutation: A weak demonic guardian rushes to your aid. [demonic ancestry]
  3872 | D:5      | Reached XP level 8. HP: 53/55 MP: 8/8
  3947 | D:5      | Noticed Edmund
  3963 | D:5      | Killed Edmund
  4145 | D:5      | Found a runed door.
  4149 | D:5      | Noticed Crazy Yiuf
  4158 | D:5      | Killed Crazy Yiuf
  4226 | D:6      | Reached skill level 5 in Shields
  4247 | D:6      | Found Nautselo's Jewellery Boutique.
  4256 | D:6      | Reached skill level 6 in Axes
  4321 | D:6      | Found Paguceusai's Weapon Emporium.
  4325 | D:6      | Noticed samnon's ghost (novice MiFi)
  4336 | D:6      | Killed samnon's ghost
  4336 | D:6      | Reached skill level 5 in Armour
  4469 | D:6      | Reached *** piety under Hepliaklqana
  4474 | D:6      | Found an iron altar of Okawaru.
  4542 | D:6      | Found Aloyzi's Gadget Shoppe.
  4619 | D:6      | Gained mutation: You are mostly covered in thin metallic scales. (AC +3) [demonic ancestry]
  4619 | D:6      | Reached XP level 9. HP: 57/63 MP: 9/9
  4667 | D:6      | Reached skill level 7 in Axes
  4717 | D:6      | Found Ocoufog's Magic Scroll Shoppe.
  4932 | D:7      | Found Pump's General Store.
  4953 | D:7      | Found a sand-covered staircase.
  4963 | Ossuary  | Entered an ossuary
  5586 | D:7      | Found a basalt altar of Yredelemnul.
  5949 | D:7      | Found a staircase to the Ecumenical Temple.
  5974 | D:7      | Reached skill level 8 in Axes
  6165 | D:8      | Found a sacrificial altar of Ru.
  6189 | D:8      | Reached **** piety under Hepliaklqana
  6363 | D:8      | Reached XP level 10. HP: 71/71 MP: 10/10
  6483 | D:8      | Found a white marble altar of Elyvilon.
  6878 | D:8      | Found a burning altar of Makhleb.
  7120 | D:9      | Found a stormy altar of Qazlal.
  7178 | D:9      | Found a staircase to the Orcish Mines.
  7611 | D:9      | Reached skill level 9 in Axes
  7620 | D:9      | Reached ***** piety under Hepliaklqana
  7792 | D:10     | Entered Level 10 of the Dungeon
  7860 | D:10     | Found Vitih's Magic Scroll Boutique.
  7905 | D:10     | Found a staircase to the Lair.
  7920 | D:10     | Noticed a hill giant
  7925 | D:10     | Killed a hill giant
  8012 | D:10     | Gained mutation: Your mind is acute. (Int +2) [mutagenic meat]
  8013 | D:10     | Lost mutation: Your mind is acute. (Int +2) [mutagenic meat]
  8014 | D:10     | Gained mutation: You are weak. (Str -2) [mutagenic meat]
  8026 | D:10     | Found Tubbagutoh's Antique Armour Emporium.
  8120 | D:10     | Gained mutation: You have an increased reservoir of magic. (+10% MP) [mutagenic meat]
  8121 | D:10     | Gained mutation: You have sharp toenails. [mutagenic meat]
  8122 | D:10     | Gained mutation: You occasionally shout uncontrollably at your foes. [mutagenic meat]
  8123 | D:10     | Gained mutation: You tend to lose your temper in combat. [mutagenic meat]
  8137 | D:10     | Found Xuqiuryu's Food Boutique.
  8327 | D:10     | Found Orghaett's Distillery.
  8330 | D:10     | Lost mutation: You occasionally shout uncontrollably at your foes. [potion of cure mutation]
  8330 | D:10     | Lost mutation: You tend to lose your temper in combat. [potion of cure mutation]
  8330 | D:10     | Lost mutation: You have sharp toenails. [potion of cure mutation]
  8363 | D:10     | Noticed a centaur warrior
  8371 | D:10     | Killed a centaur warrior
  8589 | D:11     | Noticed a deep elf mage
  8595 | D:11     | Killed a deep elf mage
  8637 | D:11     | Found a frozen archway.
  8674 | IceCv    | Entered an ice cave
  8782 | IceCv    | Gained mutation: A demonic guardian rushes to your aid. [demonic ancestry]
  8782 | IceCv    | Reached XP level 11. HP: 60/78 MP: 12/12
  9098 | IceCv    | Reached skill level 10 in Axes
  9948 | IceCv    | Noticed an ice dragon
  9949 | IceCv    | Noticed an ice dragon
  9958 | IceCv    | Killed from afar by an ice dragon

Skill      XL: |  1  2  3  4  5  6  7  8  9 10 11 |
---------------+----------------------------------+-----
Axes           | 2 3 4 5 6 8 9 10 | 10.2
Shields        | 3 4 5 6 7 |  7.7
Armour         | 3 4 5 6 7 |  7.9
Fighting       | 4 5 6 7 8 |  8.7

Action                   |  1- 3 |  4- 6 |  7- 9 | 10-12 || total
-------------------------+-------+-------+-------+-------++-------
Melee: War axe           |   113 |   175 |   347 |   278 ||   913
Invok: Ancestor Life: Ba |       |     1 |       |       ||     1
       Recall Ancestor   |       |       |     2 |       ||     2
  Use: Scroll            |       |     1 |    20 |     2 ||    23
       Potion            |       |       |       |     1 ||     1
 Stab: Distracted        |       |       |     5 |     3 ||     8
  Eat: Chunk             |     1 |     7 |     9 |    13 ||    30
       Beef jerky        |       |       |     1 |     1 ||     2
       Royal jelly       |       |       |     1 |       ||     1
       Fruit             |       |       |       |     4 ||     4
Armor: Scale mail        |    59 |    71 |    46 |       ||   176
       Plate armour      |       |       |   112 |   176 ||   288
Dodge: Dodged            |    34 |    33 |    55 |    40 ||   162
Block: Shield            |    72 |    77 |   146 |   155 ||   450
